Cogmind - Beta 13 *** ADVENTURER MODE // 2024.08.02 @ 01:42:20 Player: Fqbits Result: Self-destructed Performance ------------- Evolutions (2) 1000 Regions Visited (3) 600 Robots Destroyed (30) 150 Value Destroyed (534) 534 Prototype IDs (2) 40 Alien Tech Used (0) 0 Bonus (2) 2 TOTAL SCORE: 2326 Bonus ------- High Alert Combat Kills 2 Cogmind --------- Core Integrity 514/550 Matter 4/300 Energy 320/320 System Corruption 0% Temperature Cool (0) Movement Hovering (300) Ox4 Location -8/Materials Parts ------- > --- POWER (2) -------- Heavy Ion Engine Light Deuterium Engine > --- PROPULSION (3) --- Hover Unit > --- UTILITY (3) ------ Heat Sink ECM Suite > --- WEAPON (3) ------- Heavy Particle Cannon Grenade Launcher Grenade Launcher > --- INVENTORY (5) ---- ECM Suite ECM Suite ECM Suite Peak State ------------ > --- POWER ------------ Deuterium Engine Deuterium Engine > --- PROPULSION ------- Aluminum Leg Aluminum Leg > --- UTILITY ---------- ECM Suite ECM Suite ECM Suite > --- WEAPON ----------- Heavy Particle Cannon Heavy Particle Cannon > --- INVENTORY -------- ECM Suite ECM Suite ECM Suite ECM Suite Light Assault Rifle [Rating: 17] Favorites ----------- Power Light Ion Engine Engine Light Ion Engine Power Core Light Nuclear Core Propulsion Aluminum Leg Leg Aluminum Leg Hover Unit Hover Unit Utility ECM Suite Device ECM Suite Weapon Light Assault Rifle Energy Cannon Heavy Particle Cannon Ballistic Gun Light Assault Rifle Launcher Grenade Launcher Build | -11 -10 -9 -8 ------- Run | Yrd Mat Mat Mat Slots Evolved 4 | . . 2 2 Power 1 | . . 1 . Propulsion 1 | . . . 1 Utility 1 | . . 1 . Weapon 1 | . . . 1 Parts Attached 21 | 5 2 11 3 Power 6 | 1 . 4 1 Engine 5 | 1 . 3 1 Core 1 | . . 1 . Reactor . | . . . . Propulsion 3 | 2 . 1 . Treads . | . . . . Leg 2 | 2 . . . Wheel . | . . . . Hover 1 | . . 1 . Flight . | . . . . Utility 5 | . 2 2 1 Device 5 | . 2 2 1 Storage . | . . . . Processor . | . . . . Hackware . | . . . . Protection . | . . . . Artifact . | . . . . Weapon 7 | 2 . 4 1 Energy Gun . | . . . . Energy Cannon 3 | . . 3 . Ballistic Gun 2 | 2 . . . Ballistic Cannon . | . . . . Launcher 2 | . . 1 1 Special Weapon . | . . . . Impact Weapon . | . . . . Slashing Weapon . | . . . . Piercing Weapon . | . . . . Special Melee Weapon . | . . . . Unidentified Prototypes . | . . . . Parts Lost 10 | . . 9 1 Power 3 | . . 2 1 Propulsion 2 | . . 2 . Utility 3 | . . 3 . Weapon 2 | . . 2 . Highest Loss Streak 6 | . . 6 1 To Critical Strikes . | . . . . Average Slot Usage (%) 79 | . 97 70 72 Engine 11 | . 14 10 10 Core 4 | . . 6 7 Leg 15 | . 28 10 . Hover 2 | . . 3 9 Device 21 | . 25 20 18 Energy Cannon 9 | . . 14 9 Ballistic Gun 9 | . 28 . . Launcher 4 | . . 5 18 Naked Turns . | . . . . Heaviest Build 36 | 5 9 36 28 Greatest Support 20 | 20 20 20 6 Greatest Overweight (x) 7 | . . 7 4 Average Overweight (x) . | . . 1 4 Largest Inventory Capacity 5 | 5 5 5 5 Average Capacity 5 | 5 5 5 5 Most Carried 5 | 3 5 5 4 Average Carried 4 | . 4 4 3 Final Capacity 5 | 5 5 5 5 Final Carried 5 | . 5 5 3 Class Distribution -------------------- 96% | Mutant 3% | Gunner Dominant Class ---------------- Mutant | -10/Materials Mutant | -9/Materials Gunner | -8/Materials Resources | -11 -10 -9 -8 ----------- Run | Yrd Mat Mat Mat Matter Collected 438 | 178 58 202 . Remotely . | . . . . Salvage Created 664 | . 190 474 . Parts 54 | . 6 48 . Haulers Intercepted . | . . . . Recyclers Shooed 1 | . . 1 . Parts Field Recycled . | . . . . Retrieved Matter . | . . . . Parts Self-Destructed . | . . . . Prevented . | . . . . Kills | -11 -10 -9 -8 ------- Run | Yrd Mat Mat Mat Combat Hostiles Destroyed 19 | . 2 17 . Guns 2 | . 2 . . Cannons 7 | . . 7 . AOE 10 | . . 10 . Classes Destroyed 8 | . 2 6 . Worker 2 | . . 2 . Builder 3 | . . 3 . Recycler 3 | . 2 1 . Operator 1 | . . 1 . Watcher 2 | . . 2 . Swarmer 10 | . 2 8 . Grunt 7 | . . 7 . Sentry 2 | . . 2 . Best Kill Streak 9 | . 2 9 . Combat Bots Only 4 | . 1 4 . Max Kills in Single Turn 2 | . 1 2 . Gunslinging . | . . . . Exploded 2 | . . 2 . Melee . | . . . . Uniques/NPCs Destroyed . | . . . . Combat | -11 -10 -9 -8 -------- Run | Yrd Mat Mat Mat Hostile Shots Fired 157 | . 13 130 14 Missed 46 | . 7 35 4 Damage Taken 1149 | . 33 979 137 Core 332 | . 10 286 36 Absorbed by Shields . | . . . . Ignored by Resistances 334 | . 12 282 40 Core Remaining (%) 74 | 100 96 28 . Volleys Fired 79 | . 19 60 . Largest 2 | . 2 2 . Hottest 150 | . 40 150 . Shots Fired 114 | . 38 76 . Gun 38 | . 38 . . Cannon 49 | . . 49 . Launcher 27 | . . 27 . Special . | . . . . Kinetic 38 | . 38 . . Thermal 49 | . . 49 . Explosive 27 | . . 27 . Electromagnetic . | . . . . Robot Hit Streak 15 | . 6 15 . Robot Miss Streak 6 | . 6 5 . Penetration Max . | . . . . Secondary Targets . | . . . . Shots Hit Robots 59 | . 19 40 . Core Hits 53 | 3 7 43 . Critical Kills . | . . . . Critical Parts Destroyed . | . . . . Critical Strikes . | . . . . Melee Attacks . | . . . . Impact . | . . . . Slashing . | . . . . Piercing . | . . . . Sneak Attacks . | . . . . Combat Hostiles . | . . . . Follow-up Attacks . | . . . . Damage Inflicted 1953 | 39 178 1736 . Guns 178 | . 178 . . Cannons 750 | . . 750 . Explosions 986 | . . 986 . Melee . | . . . . Ramming 39 | 39 . . . Kinetic 178 | . 178 . . Thermal 750 | . . 750 . Explosive 986 | . . 986 . Electromagnetic . | . . . . Impact . | . . . . Slashing . | . . . . Piercing . | . . . . Highest Corruption . | . . . . Average Corruption . | . . . . Corruption Purged . | . . . . Corruption Blocked . | . . . . Overload Shots . | . . . . Overflow Damage 30 | . . 30 . Projectiles . | . . . . Explosions 30 | . . 30 . Melee . | . . . . Knockbacks . | . . . . Impact . | . . . . Kinetic . | . . . . Secondary . | . . . . Self-Inflicted Damage 101 | . . 101 . Shots 9 | . . 9 . Rammed . | . . . . Targets Rammed 22 | 22 . . . Kicked 22 | 22 . . . Crushed . | . . . . Highest Temperature 595 | . . 595 . Average Temperature 217 | . . 217 . Received Heat Transfer 558 | . . 450 108 Effects 25 | . . 25 . Shutdowns 5 | . . 5 . Energy Bleed 2 | . . 2 . Interference 6 | . . 6 . Matter Decay 3 | . . 3 . Short Circuit 2 | . . 2 . Damage (minor) 2 | . . 2 . Damage (major) 4 | . . 4 . Damage (core) 1 | . . 1 . Siege Activations . | . . . . Robots Corrupted . | . . . . Combat Hostiles . | . . . . Parts Fried . | . . . . Impact Corruptions . | . . . . Robots Melted . | . . . . Combat Hostiles . | . . . . Parts Melted 1 | . . 1 . Heat Transferred 1110 | . . 1110 . Parts Sabotaged . | . . . . Parts Stolen . | . . . . Parts Stripped . | . . . . Power Chain Reactions . | . . . . Alert | -11 -10 -9 -8 ------- Run | Yrd Mat Mat Mat Peak Influence 429 | . 113 429 154 Initial 154 | . . 40 154 Average 123 | . 49 189 152 Maximum Alert Level 2 | . . 2 . Low Security (%) 80 | 100 100 63 100 Level 1 15 | . . 28 . Level 2 4 | . . 8 . Level 3 . | . . . . Level 4 . | . . . . Level 5 . | . . . . High Security . | . . . . Max Security . | . . . . Squads Dispatched 1 | . . 1 . Investigation . | . . . . Extermination . | . . . . Reinforcement 1 | . . 1 . Assault . | . . . . Garrison . | . . . . Intercept . | . . . . Searches Triggered . | . . . . Construction Impeded . | . . . . Haulers Reinforced . | . . . . Active Scanning Responses . | . . . . Cargo Convoy Interrupts . | . . . . Stealth | -11 -10 -9 -8 --------- Run | Yrd Mat Mat Mat Distress Signals 4 | . . 4 . Communications Jammed . | . . . . Distress Signals . | . . . . Times Spotted 50 | . 6 40 4 Peak Tracking Total 9 | . 4 9 4 Tactical Retreats 4 | . 1 3 . Traps | -11 -10 -9 -8 ------- Run | Yrd Mat Mat Mat Traps Triggered . | . . . . Indirectly . | . . . . Trap Hack Attempts . | . . . . Triggered . | . . . . Disarmed . | . . . . Reprogrammed . | . . . . Reused . | . . . . Traps Extracted . | . . . . Installed . | . . . . Triggered . | . . . . Machines | -11 -10 -9 -8 ---------- Run | Yrd Mat Mat Mat Machines Disabled 1 | . . 1 . Max in Single Turn 1 | . . 1 . Machines Repaired . | . . . . Machines Dismantled . | . . . . Machines Sabotaged . | . . . . Overloaded Fab Kills . | . . . . Hacking | -11 -10 -9 -8 --------- Run | Yrd Mat Mat Mat Machines Accessed 6 | . 4 2 . Terminals 5 | . 3 2 . Fabricators . | . . . . Repair Stations . | . . . . Recycling Units 1 | . 1 . . Scanalyzers . | . . . . Garrison Access . | . . . . Total Hacks 12 | . 7 5 . Successful 6 | . 5 1 . Failed 6 | . 2 4 . Catastrophic 2 | . 1 1 . Database Lockouts . | . . . . Manual . | . . . . Terminals 11 | . 6 5 . Fabricators . | . . . . Repair Stations . | . . . . Recycling Units 1 | . 1 . . Scanalyzers . | . . . . Garrison Access . | . . . . Terminal Hacks 5 | . 4 1 . Record 1 | . 1 . . Prototype ID Bank 1 | . 1 . . Hauler Manifests 1 | . 1 . . Zone Layout 2 | . 1 1 . Fabricator Hacks . | . . . . Repair Station Hacks . | . . . . Recycling Unit Hacks 1 | . 1 . . Report Inventory 1 | . 1 . . Scanalyzer . | . . . . Garrison Access Hacks . | . . . . Unauthorized Hacks . | . . . . Terminals . | . . . . Fabricators . | . . . . Repair Stations . | . . . . Recycling Units . | . . . . Scanalyzers . | . . . . Garrison Access . | . . . . Data Cores Recovered . | . . . . Used . | . . . . Hacking Detections 3 | . 2 1 . Full Trace Events . | . . . . Feedback Events . | . . . . Feedback Blocked . | . . . . Robot Schematics Acquired . | . . . . Robots Built . | . . . . Authchips . | . . . . Time . | . . . . Total Robot Build Rating . | . . . . Part Schematics Acquired . | . . . . Parts Built . | . . . . Authchips . | . . . . Time . | . . . . Total Part Build Rating . | . . . . Parts Repaired . | . . . . Time . | . . . . Parts Recycled . | . . . . Recycled Matter . | . . . . Retrieved Matter . | . . . . Retrieved Components . | . . . . Parts Scanalyzed . | . . . . Part Schematics Acquired . | . . . . Parts Damaged . | . . . . Bothacking | -11 -10 -9 -8 ------------ Run | Yrd Mat Mat Mat Used RIF Installer . | . . . . Robots Hacked . | . . . . Non-combat . | . . . . Combat . | . . . . Robot Hacks Applied . | . . . . Relay Couplers Released . | . . . . Fabnet Peak Effective % . | . . . . Robots Rewired . | . . . . Allies Hacked . | . . . . Hacks Repelled . | . . . . Allies | -11 -10 -9 -8 -------- Run | Yrd Mat Mat Mat Total Allies . | . . . . Largest Group . | . . . . Highest-Rated Group . | . . . . Highest-Rated Ally . | . . . . Total Orders . | . . . . Ally Attacks . | . . . . Total Damage . | . . . . Kills . | . . . . Allies Corrupted . | . . . . Allies Melted . | . . . . Intel | -11 -10 -9 -8 ------- Run | Yrd Mat Mat Mat Robot Analysis Total . | . . . . Derelict Logs Recovered . | . . . . Drone Launches . | . . . . Drone Recoveries . | . . . . Exploration | -11 -10 -9 -8 ------------- Run | Yrd Mat Mat Mat Turns Passed 1148 | 156 311 623 58 Spaces Moved 537 | 107 197 215 18 Core 36 | 12 . 24 . Treads . | . . . . Legs 420 | 95 197 128 . Wheels . | . . . . Hover 81 | . . 63 18 Flight . | . . . . Fastest Speed 50 | 50 120 120 300 Average Speed 162 | 112 120 215 300 Slowest Speed 400 | 120 120 400 300 Overloaded Moves . | . . . . Propulsion Burnouts . | . . . . Robots Hopped . | . . . . Cave-ins Triggered . | . . . . Exploration Rate (%) 22 | 6 46 33 4 Regions Visited 3 Branch Regions . Pre-discovered Areas . | . . . . Known Exits Taken . | . . . . Unknown Exits Taken 3 | 1 1 1 . Scrap Searched . | . . . . Spaces Dug 22 | . . 22 . Terrain Destroyed 185 | . . 185 . Melee . | . . . . Projectile 15 | . . 15 . AOE 170 | . . 170 . Terrain Rammed . | . . . . Walls Destroyed . | . . . . Machines Disabled . | . . . . Actions | -11 -10 -9 -8 --------- Run | Yrd Mat Mat Mat Total 700 | 138 241 299 22 Wait 19 | . 17 2 . Move 534 | 106 196 214 18 Hop . | . . . . Pick Up 22 | 5 7 9 1 Fast Attach 2 | . . 2 . Attach 17 | 5 2 7 3 Detach . | . . . . Swap 2 | . . 2 . Drop 3 | . . 3 . Fire 79 | . 19 60 . Melee . | . . . . Ram . | . . . . Kick 22 | 22 . . . Crush . | . . . . Escape Stasis . | . . . . Rewire . | . . . . Trap . | . . . . Miscellaneous . | . . . . Route ------- -11/Scrapyard -10/Materials -9/Materials -8/Materials History --------- Turn | Location | Event 8 | -11/Scrapyard | Discovered new exit (range 15) 157 | -11/Scrapyard | Entered Materials 317 | -10/Materials | Build established: Mutant 446 | -10/Materials | Discovered new exit (range 9) 468 | -10/Materials | Entered another Materials area 468 | -9/Materials | Evolved 2 slots: Power x1, Utility x1 712 | -9/Materials | Core integrity fell below 50% 748 | -9/Materials | Lost 6 parts (1p1n2u2w) 1012 | -9/Materials | Discovered new exit (range 12) 1091 | -9/Materials | Entered another Materials area 1091 | -8/Materials | Evolved 2 slots: Propulsion x1, Weapon x1 1149 | -8/Materials | Self-destructed Last Messages --------------- 01003_ Destroyed Flight Unit. 01003_ S-10 Pest destroyed. 01007_ R-06 Scavenger destroyed. 01012_ EXIT=FOUND 01028_ Acquired 56 matter. 01030_ S-10 Pest destroyed. 01030_ Destroyed Flight Unit. 01030_ S-10 Pest destroyed. 01031_ The unstable cave ceiling collapses. 01041_ S-10 Pest destroyed. 01079_ Connecting with Terminal... 01089_ U-05 Engineer builds a Wall. 01089_ U-05 Engineer lays Concrete. 01091_ U-05 Engineer builds a Wall. PARAMETERS=PROPULSION+1,WEAPON+1 LOCATION=UNKNOWN GOAL=ESCAPE 01108_ Acquired Lgt. Deuterium Engine. 01138_ Lgt. Nuclear Core destroyed. 01138_ Critical hit (Burn: +37). Map ----- +----------------------------------------------------+ | ?????????????????????????????????????????????????? | | ?????????????????????????????????????????????????? | | ?????????????????????????????????????????????????? | | ?????????????????????????????????????????????????? | | ?????????????????????????????????????????????????? | | ?????????????????????????????????????????????????? | | ?????????????????????????????????????????????????? | | ?????????????????????????????????????????????????? | | ????????????????????????????????? ?????????????? | | ????????????????????????????????+ ?????????????? | | ????????????????????????????????# #????????????? | | ????????????????????????????????# #????????????? | | ????????????????????????????????# #????????????? | | ????????????????????????????????# #????????????? | | ????????????????????????????????# /????????????? | | ????????????????????????????????# #????????????? | | ????????????????????????????????# #????????????? | | ????????????????????????????????# #????????????? | | ????????????????????????????????# #????????????? | | ????????????????????????????????# #????????????? | | ????????????????????????????????# ########?????? | | ??????????????????????########+## # #?????? | | ??????????????????????# g # """ #?????? | | ??????????????????????+ # """ #?????? | | ??????????????????????# b + """ #?????? | | ??????????????????????#+#@####### # #?????? | | ??????????????????????? ????# # #?????? | | ??????????????????????# ??############?????? | | ??????????????????????# """ * #?????????????????? | | ??????????????????????# """ #?????????????????? | | ??????????????????????# """ #?????????????????? | | ??????????????????????# #?????????????????? | | ??????????????????????# [[ #?????????????????? | | ??????????????????????# [[ #?????????????????? | | ????????????????????????###?####?????????????????? | | | | | | | | | | | | | | | | | | | | | | | | | | | | | | | +----------------------------------------------------+ Best States ------------- Heat Dissipation 41 Energy Generation 23 Energy Capacity 450 Matter Stores 300 Matter Capacity 300 Sight Range 16 Terrain Scan Density 10 ECM Strength 3 Resistance: KI 20 Resistance: TH 20 Resistance: EX 20 Resistance: EM 20 Resistance: I 20 Resistance: S 20 Resistance: P 20 Evasion (%) 55 Offensive Hacking 10 Item Schematics ----------------- None Robot Schematics ------------------ None Fabricated ------------ Nothing Alien Tech Used ----------------- None Achievements -------------- None Challenges ------------ None Game ------ Seed NuclearDimensionalLoader Manual? 0 Play Time 00:16:05 Cumulative 21.2 hours Start 2024.08.01 @ 09:24:59 End 2024.08.02 @ 01:42:20 Sessions 2 Manual Loads 0 Difficulty Adventurer Special Mode None Game No. 34 Rogue 33 Adventurer 1 Explorer 0 Win Type - Total 0 Types 0/0/0/0/0/0/0/0/0 Lore% 18 Gallery% 25 Achievement% 24 Wizard Run 0 Options --------- Layout 0 ASCII 0 Keyboard 0 Movement Numpad Keybinds 0 Fullscreen 2 Font 24/Smallcaps Map View 113x50 Zoom Use 0% Tactical HUD 1 Map Filters NONE Filters NONE Steam 1 RUN: d087dcb5-9418-4c57-bdce-5ff7b4efe514